Map: Battle on the Boardwalk LE

Players

Zemagdnim - Winner!

  • Race: Terran Terran
  • Spawn Location: 1:00

Shako

  • Race: Zerg Zerg
  • League: Diamond
  • Spawn Location: 11:00

VOD

Have the link to the VOD?

Description

Time

  • Played on: Nov. 15, 2017, 7:13 p.m.
  • Length: 10:29
Show
View Real Time Build Order
Export as new Build Order

Zemagdnim Terran - Winner!

Build Orders:  

Get SALT Encoding   

  12  0:01  SCV  
  13  0:13  SCV  
  14  0:17  Supply Depot  
  14  0:25  SCV  
  15  0:39  SCV  
  15  0:40  Barracks  
  16  0:50  Refinery  
  16  0:51  SCV  
  17  1:03  SCV  
  18  1:17  SCV  
  19  1:29  SCV  
  20  1:35  Reaper  
  21  1:41  Orbital Command  
  21  1:45  Command Center  
  21  2:00  Barracks  
  21  2:02  Refinery  
  21  2:07  Supply Depot  
  21  2:09  Barracks Reactor  
  21  2:13  SCV  
  22  2:25  SCV  
  22  2:29  Factory  
  23  2:37  SCV  
  24  2:57  Orbital Command  
  24  3:03  Barracks Tech Lab  
  24  3:05  SCV  
  25  3:09  Marine  
  25  3:10  Marine  
  27  3:17  SCV  
  28  3:28  Marine x3  
  28  3:29  Stimpack  
  28  3:31  Factory Reactor  
  28  3:32  Starport  
  30  3:36  SCV x2  
  32  3:46  Supply Depot, Marine x3  
  32  3:48  SCV x2  
  37  4:00  SCV x2  
  38  4:12  SCV x2  
  38  4:15  Barracks  
  40  4:23  Medivac x2  
  44  4:24  SCV x2  
  44  4:25  Factory Tech Lab  
  44  4:26  Marine  
  44  4:27  Marine x2  
  49  4:33  Supply Depot  
  49  4:37  Supply Depot  
  49  4:40  SCV x2  
  49  4:44  Marine x3  
  54  5:02  Marine x3  
  57  5:09  Engineering Bay  
  57  5:11  Medivac x2, Engineering Bay  
  61  5:20  Marine x2  
  63  5:27  Command Center  
  63  5:39  SCV x2  
  63  5:41  Medivac x2  
  69  6:00  Marine  
  70  6:09  Barracks  
  70  6:10  Barracks  
  70  6:20  Supply Depot  
  70  6:21  Supply Depot x2, Terran Infantry Weapons Level 1, Terran Infantry Armor Level 1  
  70  6:22  Supply Depot  
  70  6:23  Refinery  
  70  6:38  Marine x3  
  68  6:56  Marine x2  
  68  6:57  Barracks Reactor x2  
  68  6:58  Barracks Reactor  
  70  7:14  Marine  
  70  7:15  Marine  
  72  7:19  Refinery  
  72  7:22  Armory  
  72  7:31  Marine  
  72  7:32  Marine  
  72  7:36  Barracks  
  74  7:38  Barracks  
  74  7:40  Barracks  
  69  7:44  Marine  
  69  7:45  Marine x6  
  69  7:49  Marine  
  77  8:00  Marine  
  77  8:02  Marine x2  
  77  8:03  Marine  
  81  8:15  Marine x5  
  81  8:16  Medivac x2  
  81  8:17  Siege Tank  
  81  8:18  Marine  
  94  8:20  Marine x2  
  96  8:36  Barracks Reactor x2  
  96  8:37  Barracks Reactor  
  96  9:02  Marine x4  
  98  9:03  Marine x2  
  101  9:25  Marine  
  101  9:26  Marine x4  
  101  9:27  Supply Depot  
  101  9:28  Supply Depot  
  101  9:30  Supply Depot x2  
  101  9:31  Planetary Fortress  
  101  9:51  Marine  
  101  9:52  Marine x9  
  86  9:58  Marine x4  
  88  10:03  Marine  
  96  10:09  Marine  
  96  10:10  Marine x8  
Show
View Real Time Build Order
Export as new Build Order

Shako Zerg 

Build Orders: Hatch First 

Get SALT Encoding   

  12  0:01  Drone  
  13  0:13  Overlord  
  13  0:19  Drone  
  14  0:33  Drone x2  
  16  0:39  Drone  
  17  0:53  Hatchery  
  16  0:59  Drone x2  
  16  1:01  Extractor  
  17  1:15  Spawning Pool  
  16  1:22  Drone  
  16  1:23  Drone  
  18  1:39  Drone  
  19  2:03  Queen  
  19  2:05  Queen  
  19  2:06  Metabolic Boost  
  23  2:09  Zergling x6  
  23  2:14  Drone  
  27  2:29  Drone  
  28  2:31  Overlord  
  28  2:39  Overlord  
  28  3:00  Drone x4  
  28  3:01  Drone x2  
  34  3:06  Hatchery  
  34  3:12  Drone  
  34  3:32  Drone  
  34  3:33  Drone x5  
  40  3:36  Baneling Nest  
  39  3:44  Drone  
  39  3:45  Overlord  
  40  4:00  Queen x2  
  40  4:01  Overlord  
  40  4:02  Overlord  
  44  4:16  Evolution Chamber  
  43  4:18  Drone  
  43  4:19  Drone  
  43  4:20  Drone  
  43  4:22  Queen  
  48  4:27  Drone  
  48  4:28  Drone, Zergling x6  
  48  4:29  Zergling x2  
  54  4:35  Drone x3  
  54  4:36  Queen x2  
  61  4:56  Baneling x2  
  61  4:57  Baneling x2  
  61  5:07  Zergling x2  
  61  5:08  Zergling x14  
  69  5:17  Drone  
  69  5:18  Overlord x2, Drone x4  
  73  5:34  Overlord x3, Baneling x4  
  73  5:35  Overlord  
  73  5:40  Spine Crawler  
  72  5:49  Baneling  
  72  5:50  Baneling  
  68  6:04  Queen x2  
  68  6:05  Zergling x12  
  77  6:15  Drone x6  
  83  6:22  Drone x2  
  83  6:23  Drone x2  
  83  6:24  Extractor  
  83  6:25  Extractor  
  85  6:27  Baneling  
  85  6:28  Baneling x2  
  80  6:42  Hatchery  
  79  6:52  Drone  
  79  6:53  Drone x13  
  93  6:55  Lair  
  93  6:57  Extractor  
  93  7:01  Extractor x2, Drone  
  88  7:10  Drone x2  
  88  7:15  Evolution Chamber  
  89  7:18  Evolution Chamber  
  88  7:23  Drone  
  88  7:26  Zergling x14  
  95  7:44  Drone x8  
  101  8:01  Zergling x14  
  108  8:06  Hydralisk Den  
  107  8:15  Centrifical Hooks  
  107  8:23  Hydralisk Den  
  107  8:25  Spire  
  106  8:27  Hatchery  
  103  8:40  Muscular Augments  
  101  9:04  Hydralisk x6  
  112  9:20  Baneling x6  
  112  9:21  Baneling x6, Zergling x2  
  112  9:22  Zergling x2  
  112  9:23  Overlord x8  
  93  9:55  Zergling x24  
  93  9:59  Hatchery  
  104  10:11  Overlord  
  103  10:27  Hatchery  
Tags
 
Add a new tag
Caveats
  • Supply blocks, unpowered buildings, or Contaminate may cause inaccurate times.
  • Supply counts are checked every 10 seconds.